 Dungeon Crawl Stone Soup version 0.28-a0-726-g4a9143789a (webtiles) character file.

Game seed: 15080320642810365836

718 ytrimaz the Conjurer (level 7, -4/41 HPs)
             Began as an Octopode Conjurer on Oct 27, 2021.
             Slain by a bullfrog (8 damage)
             ... in a sewer.
             The game lasted 00:06:24 (7415 turns).

ytrimaz the Conjurer (Octopode Conjurer)            Turns: 7415, Time: 00:06:25

Health: -4/41      AC:  1    Str:  6    XL:     7   Next: 70%
Magic:  7/14       EV: 13    Int: 23    God:
Gold:   232        SH:  0    Dex: 10    Spells: 14/15 levels left

rFire   . . .      SeeInvis +   a - +5 dagger (pain)
rCold   . . .      Faith    .   (no shield)
rNeg    . . .      Spirit   .   (helmet restricted)
rPois   .          Reflect  .   (no amulet)
rElec   .          Harm     .   b - ring of see invisible
rCorr   .          Rampage  .   (no ring)
Will    .....                   (no ring)
Stlth   ++++......              (no ring)
HPRegen 0.13/turn               (no ring)
MPRegen 0.14/turn               (no ring)
                                (no ring)
                                (no ring)

@: hasted, very quick
A: almost no armour, amphibious, 8 rings, camouflage 1, gelatinous body 1,
nimble swimmer 1, tentacles
a: no special abilities


You were in a sewer.
You visited 1 branch of the dungeon, and saw 6 of its levels.
You also visited: Sewer.

You collected 232 gold pieces.

Inventory:

Hand Weapons
 a - a +5 dagger of pain (weapon)
Jewellery
 b - a ring of see invisible (left tentacle)
 m - a ring of ice
Wands
 h - a wand of flame (17)
Scrolls
 j - a scroll of teleportation
 n - 2 scrolls of summoning {unknown}
 o - a scroll of brand weapon {unknown}
 p - a scroll of fear {unknown}
Potions
 d - a potion of haste
 e - a potion of attraction
 f - 2 potions of flight
 g - a potion of degeneration {unknown}
 i - 2 potions of heal wounds {unknown}
 k - a potion of ambrosia {unknown}
 l - a potion of mutation {unknown}


   Skills:
 - Level 0.3 Short Blades
 - Level 2.0 Dodging
 - Level 2.6 Stealth
 + Level 4.7 Spellcasting
 + Level 6.9 Conjurations
 * Level 3.3 Necromancy


You had 14 spell levels left.
You knew the following spells:

 Your Spells              Type           Power      Damage    Failure   Level
a - Magic Dart            Conj           100%       1d8       1%          1

Your spell library contained the following spells:

 Spells                   Type           Power      Damage    Failure   Level
 Searing Ray              Conj           74%        2d7       1%          2
 Dazzling Flash           Conj/Hex       42%        N/A       7%          3
 Mephitic Cloud           Conj/Pois/Air  16%        N/A       12%         3
 Call Imp                 Summ           5%         N/A       14%         2
 Fulminant Prism          Conj/Hex       10%        3d9       24%         4
 Iskenderun's Mystic Bla  Conj/Tloc      21%        2d6       24%         4


Dungeon Overview and Level Annotations

Branches:
Dungeon (6/15)              Sewer (1/1)
 Temple: D:4-7

Altars:
Ashenzari
Fedhas
Trog
Uskayaw
Wu Jian
Zin

Shops:
D:5 (

Annotations:
D:6 Blork the orc


Innate Abilities, Weirdness & Mutations

You cannot wear most types of armour.
You are amphibious.
You can wear up to eight rings at the same time.
Your skin changes colour to match your surroundings (Stealth+).
Your rubbery body absorbs attacks. (AC +1, EV +1)
You are camouflaged near water. (Stealth+)
You have tentacles for arms and can constrict up to eight enemies at once.


Message History

You are poisoned.
The adder poisons you! The bullfrog barely misses you.
The frilled lizard barely misses you.
Unknown command.
You feel yourself speed up.
You feel sick.
The ball python bites you but does no damage.
The ball python closely misses you. The ball python bites you.
* * * LOW HITPOINT WARNING * * *
The ball python closely misses you. The frilled lizard misses you.
The bullfrog barely misses you. The adder bites you.
* * * LOW HITPOINT WARNING * * *
You are more poisoned.
The adder poisons you! The frilled lizard bites you.
* * * LOW HITPOINT WARNING * * *
The ball python barely misses you. The ball python grabs you.
The ball python constricts you.
* * * LOW HITPOINT WARNING * * *
The ball python bites you.
* * * LOW HITPOINT WARNING * * *
Unknown command.
You feel better. The bullfrog closely misses you.
A bullfrog comes into view.
The adder bites you.
* * * LOW HITPOINT WARNING * * *
The frilled lizard closely misses you.
Unknown command.
Unknown command.
You escape the ball python's grasp.
The ball python misses you. The ball python grabs you.
The ball python constricts you. The frilled lizard bites you.
* * * LOW HITPOINT WARNING * * *
The bullfrog closely misses you.
Unknown command.
You escape the ball python's grasp.
The adder bites you.
* * * LOW HITPOINT WARNING * * *
The ball python closely misses you. The ball python grabs you.
The ball python constricts you.
* * * LOW HITPOINT WARNING * * *
You escape the ball python's grasp.
The bullfrog hits you!
You die...

#.÷.....#.........#
##....÷.##'##......##
#......###..##......#
##÷....# #..###.....#
#≈≈≈≈≈≈# #####≈≈≈≈≈≈#
#≈≈÷≈≈≈# #≈≈≈≈≈≈#
#≈≈≈≈†≈# #≈≈≈≈≈≈#
#≈≈≈≈≈≈# #≈≈≈≈≈≈#
#≈≈≈≈≈≈# #≈@≈≈≈≈#
#≈....≈# #≈FS≈≈≈#
#.....≈# #S≈≈≈≈≈#
#≈....≈# #S≈l≈.≈#
#≈≈≈≈≈≈# #≈l≈≈.≈#
#≈≈≈≈≈≈# #≈l≈≈≈≈#
#≈≈≈≈≈≈# #≈≈≈≈#≈#
#≈≈≈≈≈≈# #≈≈≈≈≈≈#
#≈≈≈≈≈≈# #≈≈≈≈≈≈#


You could see a bullfrog, an adder, 2 ball pythons and 3 frilled lizards.

Vanquished Creatures
  Eustachio (D:5)
  A sky beast (D:5)
  An ogre (D:5)
  A water moccasin zombie (D:5)
  A howler monkey (D:4)
  A hound (D:5)
  An iguana (D:6)
  4 gnolls
  5 adders
  3 river rats (Sewer)
  An ufetubus (D:5)
  6 worms
  3 dart slugs
  8 orcs (D:3)
  13 ball pythons
  3 bats
  12 endoplasms
  5 giant cockroaches
  5 goblins
  4 hobgoblins
  4 quokkas
  A frilled lizard (Sewer)
  6 kobolds
  27 rats
117 creatures vanquished.

Vanquished Creatures (others)
  8 fungi (D:2)
  2 plants (D:2)
10 creatures vanquished.

Grand Total: 127 creatures vanquished

Notes
Turn   | Place    | Note
-------+----------+-------------------------------------------
     0 | D:1      | ytrimaz the Octopode Conjurer began the quest for the Orb.
     0 | D:1      | Reached XP level 1. HP: 11/11 MP: 3/3
   557 | D:1      | Reached XP level 2. HP: 17/17 MP: 0/5
  1035 | D:1      | Reached XP level 3. HP: 21/21 MP: 3/6
  1263 | D:1      | Reached skill level 1 in Necromancy
  2154 | D:2      | Reached skill level 5 in Conjurations
  2154 | D:2      | Reached XP level 4. HP: 26/27 MP: 3/7
  2228 | D:2      | Found a faded altar of an unknown god.
  3464 | D:3      | Found an ornate altar of the Wu Jian Council.
  3464 | D:3      | Found a bloodstained altar of Trog.
  3729 | D:4      | Reached XP level 5. HP: 31/31 MP: 3/8
  4113 | D:4      | Found a hide-covered altar of Uskayaw.
  4536 | D:4      | Found a blossoming altar of Fedhas.
  4829 | D:5      | Entered Level 5 of the Dungeon
  4845 | D:5      | Reached XP level 6. HP: 27/36 MP: 1/10
  4934 | D:5      | Noticed Eustachio
  5233 | D:5      | Noticed a sky beast
  5241 | D:5      | Killed a sky beast
  5242 | D:5      | Reached skill level 6 in Conjurations
  5834 | D:5      | Killed Eustachio
  5835 | D:5      | Reached XP level 7. HP: 41/41 MP: 4/13
  6000 | D:5      | Found a glowing silver altar of Zin.
  6061 | D:5      | Found Zahiheev's Antique Weapon Shoppe.
  6188 | D:5      | Found a broken altar of Ashenzari.
  6367 | D:6      | Found a glowing drain.
  6385 | D:6      | Noticed Blork the orc
  6646 | Sewer    | Entered a sewer
  7415 | Sewer    | Slain by a bullfrog

Illustrated notes

Levels and vault maps discovered:
D:1:      psy_arrival_radial02, layout_rooms
D:2:      layout_loops_cross, shapermc_ecumenical_altar_hornbeckon
D:3:      layout_basic, grunt_temple_overflow_open, kennysheep_generic_room_15
D:4:      layout_gridville, nicolae_uskayaw_murder_on_the_dancefloor,
          mainiacjoe_overflow_chevrons
D:5:      layout_cave_pools, mainiacjoe_overflow_big_doors, serial_shops,
          shop_statue, uniq_eustachio
D:6:      layout_cave_pools, amcnicky_altar_gilded,
          minmay_temple_entry_poolview, cheibrodos_sewer_entry_drain,
          gammafunk_ghost_arena, roderic_roman_lattice, minmay_manual_maat,
          uniq_blork_the_orc, uniq_maggie
Sewer:    sewer_minmay_w

Skill      XL: |  1  2  3  4  5  6 |
---------------+-------------------+-----
Necromancy     | 1 2 3 |  3.3
Conjurations   | 5 6 |  6.9
Spellcasting   | 3 4 |  4.7
Short Blades   | |  0.3
Dodging        | |  2.0
Stealth        | |  2.6

Action                   |  1- 3 |  4- 6 |  7- 9 || total
-------------------------+-------+-------+-------++-------
Melee: Constrict         |     5 |     5 |       ||    10
       Unarmed           |     2 |       |       ||     2
       Dagger            |    16 |    20 |     2 ||    38
       Tentacles         |     1 |     3 |       ||     4
 Cast: Magic Dart        |    77 |   125 |   113 ||   315
  Use: Scroll            |     1 |     6 |     2 ||     9
       Potion            |       |       |     2 ||     2
Armor: Skin              |     1 |     8 |     2 ||    11
Dodge: Dodged            |    16 |    37 |    28 ||    81

Table legend: (Time is in decaauts)
 A = Elapsed time spent in this place.
 B = Non-inter-level travel time spent in this place.
 C = Inter-level travel time spent in this place.
 D = Time resting spent in this place.
 E = Time spent auto-exploring this place.
 F = Levels seen in this place.
 G = Mean time per level.
                   A        B        C        D        E       F      G
               +--------+--------+--------+--------+--------+-----+--------+
         Total |   7415 |   7210 |    205 |   1997 |   4456 |   7 | 1059.3 |
       Dungeon |   6648 |   6443 |    205 |   1922 |   3878 |   6 | 1108.0 |
         Sewer |    767 |    767 |      0 |     75 |    578 |   1 |  767.0 |
               +--------+--------+--------+--------+--------+-----+--------+

Top non-repeatable levels by time:
     D:4: 1497 daAuts
     D:1: 1415 daAuts
     D:2: 1360 daAuts
     D:5: 1223 daAuts
     D:3: 1050 daAuts
   Sewer: 767 daAuts
     D:6: 102 daAuts
